 Dungeon Crawl Stone Soup version 0.22-a0-404-g35e51767bf (webtiles) character file.

9872 Chiseanne the Ducker (level 11, 0/107 HPs)
             Began as a Troll Wanderer on May 8, 2018.
             Was a High Priest of the Shining One.
             Slain by an orc warrior
             ... wielding a +0 hand axe
              (17 damage)
             ... in a bailey.
             The game lasted 00:53:41 (11220 turns).

Chiseanne the Ducker (Troll Wanderer)              Turns: 11220, Time: 00:53:42

Health: 0/107      AC:  7    Str: 28    XL:     11   Next: 28%
Magic:  15/15      EV: 14    Int:  3    God:    the Shining One [*****.]
Gold:   674        SH: 12    Dex: 17    Spells: 10/10 levels left

rFire    + . .     SeeInvis .   s - +2 scimitar (flame)
rCold    + + .     Gourm    +   k - +1 shield
rNeg     + + .     Faith    .   T - +0 robe {rC+ rF+}
rPois    .         Spirit   .   G - +0 hat
rElec    .         Reflect  .   o - +1 cloak
rCorr    .         Harm     .   (gloves unavailable)
MR       .....                  (boots unavailable)
Stlth    +.........             (no amulet)
HPRegen  0.67/turn              l - ring of protection from cold
MPRegen  0.14/turn              L - ring "Adabic" {Str+6 Int-4 Dex+4 Stlth+}

@: glowing
A: large, unfitting armour, claws 3, fast metabolism 3, gourmand, regeneration
1, shaggy fur 1, tough skin 2
a: Divine Shield, Cleansing Flame, Summon Divine Warrior, Renounce Religion


You were in a bailey.
You worshipped the Shining One.
The Shining One was extremely pleased with you.
You were not hungry.

You visited 1 branch of the dungeon, and saw 11 of its levels.
You also visited: Sewer and Bailey.

You collected 696 gold pieces.
You spent 22 gold pieces at shops.

Inventory:

Hand Weapons
 a - a +2 short sword of protection
 d - a +1 mace of holy wrath
 s - a +2 scimitar of flaming (weapon)
 t - a +0 war axe of freezing
 w - a +0 blowgun
 M - a +0 broad axe of flaming
Missiles
 e - 364 stones (quivered)
 h - 77 sling bullets
 m - 24 bolts
 p - 3 poisoned needles
 q - 3 javelins
 v - 19 tomahawks
 J - 48 arrows
 K - 2 throwing nets
 O - 3 steel tomahawks
 S - an exploding tomahawk
Armour
 k - a +1 shield (worn)
 o - a +1 cloak (worn)
 G - a +0 hat (worn)
 T - a +0 robe of resistance (worn)
Jewellery
 l - a ring of protection from cold (left claw)
 x - an uncursed amulet of faith
 E - an uncursed ring of positive energy
 L - the ring "Adabic" (right claw) {Str+6 Int-4 Dex+4 Stlth+}
   (You found it on level 6 of the Dungeon)

   [ring of stealth]

   It affects your strength (+6).
   It affects your intelligence (-4).
   It affects your dexterity (+4).
   It makes you more stealthy.
Wands
 u - a wand of flame (38)
 z - a wand of digging (8)
 P - a wand of scattershot (3)
 V - a wand of iceblast (8)
Scrolls
 c - 5 scrolls of remove curse
 j - 10 scrolls of teleportation
 A - a scroll of blinking
 C - 2 scrolls of fear
 H - 4 scrolls of immolation
 Q - a scroll of amnesia
Potions
 g - 2 potions of curing
 i - 2 potions of magic
 n - 5 potions of flight
 r - 3 potions of lignification
 B - 2 potions of haste
 F - 2 potions of brilliance
 I - a potion of heal wounds
 W - a potion of agility
Comestibles
 b - 4 chunks of flesh
 f - 21 rations


   Skills:
 * Level 6.7 Fighting
 * Level 6.2 Short Blades
 - Level 3.0 Maces & Flails
 * Level 7.1 Dodging
 - Level 1.0 Stealth
 * Level 6.9 Shields
 - Level 2.0 Unarmed Combat
 * Level 6.8 Invocations


You had 10 spell levels left.
You didn't know any spells.

Dungeon Overview and Level Annotations

Branches:
Dungeon (11/15)            Temple (0/1) D:6            Lair (0/6) D:9
    Orc (0/2) D:10

Altars:
Dithmenos
Gozag
Hepliaklqana
Trog
Vehumet
Xom
The Shining One
Beogh

Shops:
D:6 (==

Annotations:
D:2 Terence
D:8 2 transporters


Innate Abilities, Weirdness & Mutations

You are too large for most types of armour.
You have claws for hands.
Your metabolism is lightning-fast.
You like to eat raw meat.
Your natural rate of healing is unusually fast.
You are covered in fur. (AC +1)
You have very tough skin. (AC +2)


Message History

The orc warrior is heavily wounded.
The orc warrior hits you but does no damage.
The orc warrior hits you with a hand axe!!
* * * LOW HITPOINT WARNING * * *
You hit the orc warrior but do no damage.
The orc warrior is heavily wounded.
The orc warrior barely misses you.
Wield which item (- for none, * to show all)? (? for menu, Esc to quit)
Your +0 broad axe of flaming stops flaming.
Your +2 scimitar of flaming bursts into flame!
s - a +2 scimitar of flaming (weapon)
The orc warrior hits you but does no damage.
Your shield prevents you from hitting the orc warrior.
The orc warrior is heavily wounded.
The orc warrior hits you with a hand axe.
* * * LOW HITPOINT WARNING * * *
You hit the orc warrior. You burn the orc warrior.
The orc warrior is almost dead.
The orc warrior hits you with a hand axe!
You die...

#.....⌠.....'..∩.∩...
#...........'.......♣
#...))......#.......♣
###..)).....##......♣♣
###.###)....###♣.......♣
#.....#'#.### ♣♣♣♣♣..♣♣
........### ♣♣♣♣
......)).# ......)@.#
...⌠..)o)# .........#
.........# ........##
#.....### ###.## ##


You could see an orc warrior.

Vanquished Creatures
  2 two-headed ogres
  An orc knight (D:10)
  An efreet (D:9)
  A hornet (D:8)
  A hippogriff (D:11)
  An air elemental (D:10)
  A vampire (D:11)
  11 yaks (D:10)
  A fire elemental (D:10)
  A hungry ghost (D:7)
  2 steam dragons
  3 ice beasts
  8 orc warriors
  A sky beast (D:5)
  3 black bears
  3 ogres
  5 phantoms
  An eye of draining (D:8)
  2 centaurs
  The ghost of Stone the Chiller, an amateur OpIE (D:3)
  A bullfrog (D:6)
  A big kobold (D:9)
  A wyvern zombie (D:9)
  An earth elemental (D:10)
  6 killer bees (D:8)
  3 wights (D:9)
  An electric eel (D:11)
  4 crimson imps
  2 bullfrog zombies (D:9)
  5 orc priests
  8 hounds
  5 jellies
  A quasit (D:8)
  A gnoll shaman (D:6)
  3 centaur skeletons
  3 bullfrog skeletons
  Crazy Yiuf (D:3)
  3 iguanas
  10 orc wizards
  4 worker ants
  A hound zombie (D:8)
  A hound skeleton (D:7)
  A howler monkey zombie (D:5)
  A worker ant zombie (D:11)
  11 adders
  14 gnolls
  A howler monkey skeleton (D:5)
  4 river rats
  2 shadow imps
  5 oozes (D:8)
  4 adder skeletons
  4 worms
  2 dart slugs
  4 leopard geckos
  52 orcs
  4 bats
  4 giant cockroaches
  16 goblins
  21 hobgoblins
  12 jackals
  9 kobolds
  6 quokkas
  6 ball pythons
  17 frilled lizards
  A leopard gecko zombie (D:9)
  A quokka skeleton (D:6)
  21 rats
339 creatures vanquished.

Vanquished Creatures (others)
  A water elemental (D:10)
  An orc wizard (D:3)
  2 orcs (D:7)
  A jackal (D:9)
  A kobold (D:9)
  A fungus (D:5)
7 creatures vanquished.

Grand Total: 346 creatures vanquished

Notes
Turn   | Place    | Note
-------+----------+-------------------------------------------
     0 | D:1      | Chiseanne the Troll Wanderer began the quest for the Orb.
     0 | D:1      | Chiseanne set off with: a +0 shield, 2 potions of lignification, a +0 robe, a +0 club, a +0 dagger, 2 rations
     0 | D:1      | Reached XP level 1. HP: 19/19 MP: 0/0
   124 | D:1      | Reached XP level 2. HP: 24/27 MP: 1/1
   552 | D:1      | Reached XP level 3. HP: 33/33 MP: 2/2
  1127 | D:2      | Reached skill level 1 in Maces & Flails
  1291 | D:2      | Reached XP level 4. HP: 42/42 MP: 3/3
  1432 | D:2      | Reached skill level 3 in Dodging
  1687 | D:2      | Noticed Terence
  1997 | D:3      | Reached XP level 5. HP: 43/49 MP: 4/4
  2060 | D:3      | Noticed Stone's ghost (amateur OpIE)
  2248 | D:3      | Found a faded altar of an unknown god.
  2272 | D:3      | Became a worshipper of the Shining One
  2272 | D:3      | Reached * piety under the Shining One
  2477 | D:3      | Killed Stone's ghost
  2587 | D:3      | Found a runed door.
  2592 | D:3      | Noticed Crazy Yiuf
  2609 | D:3      | Killed Crazy Yiuf
  2609 | D:3      | Reached skill level 1 in Short Blades
  2609 | D:3      | Reached skill level 1 in Invocations
  2609 | D:3      | Reached XP level 6. HP: 57/59 MP: 5/5
  3409 | D:4      | Found a radiant altar of Vehumet.
  3520 | D:4      | Found a bloodstained altar of Trog.
  3521 | D:4      | Found a hazy altar of Hepliaklqana.
  3521 | D:4      | Found a radiant altar of Vehumet.
  3522 | D:4      | Found a shimmering altar of Xom.
  3680 | D:5      | Entered Level 5 of the Dungeon
  3699 | D:5      | Found a glowing drain.
  3699 | D:5      | Reached ** piety under the Shining One
  3707 | D:5      | Reached XP level 7. HP: 66/66 MP: 7/7
  3724 | Sewer    | Entered a sewer
  4486 | D:5      | Reached skill level 4 in Dodging
  4709 | D:5      | Noticed a steam dragon
  5057 | D:6      | Found an opulent altar of Gozag.
  5079 | D:6      | Reached XP level 8. HP: 57/75 MP: 8/8
  5118 | D:6      | Found a staircase to the Ecumenical Temple.
  5420 | D:6      | Got a pitted glass ring
  5636 | D:6      | Found Vomil's Jewellery Shop.
  5642 | D:6      | Bought a cursed -3 ring of evasion for 22 gold pieces
  5647 | D:6      | Found Leacrizi's Jewellery Shoppe.
  5726 | D:6      | Found Rogioguj's Antique Weapon Shop.
  5806 | D:6      | HP: 2/78 [steam dragon/ball of steam (17)]
  6286 | D:7      | Reached *** piety under the Shining One
  6410 | D:7      | Identified the ring "Adabic" {Str+6 Int-4 Dex+4 Stlth+} (You found it on level 6 of the Dungeon)
  6567 | D:7      | Reached skill level 5 in Dodging
  6567 | D:7      | Reached XP level 9. HP: 85/85 MP: 10/10
  7514 | D:8      | Reached skill level 5 in Shields
  7537 | D:8      | Noticed a two-headed ogre
  7539 | D:8      | Noticed a tengu warrior
  7547 | D:8      | Noticed a deep elf archer
  7547 | D:8      | Noticed a troll
  7548 | D:8      | Found a shadowy altar of Dithmenos.
  7548 | D:8      | Found a transporter.
  7549 | D:8      | Noticed a centaur warrior
  7549 | D:8      | Reached **** piety under the Shining One
  7563 | D:8      | Found a transporter.
  7748 | D:8      | Reached skill level 5 in Fighting
  8059 | D:8      | Paralysed by a hornet for 2 turns
  8065 | D:8      | Reached skill level 5 in Invocations
  8145 | D:8      | Noticed a two-headed ogre
  8170 | D:8      | Killed a two-headed ogre
  8170 | D:8      | Reached skill level 6 in Dodging
  8170 | D:8      | Reached XP level 10. HP: 92/96 MP: 12/12
  8742 | D:9      | Reached skill level 5 in Short Blades
  9057 | D:9      | Found a staircase to the Lair.
  9557 | D:10     | Entered Level 10 of the Dungeon
  9711 | D:10     | Noticed a two-headed ogre
  9727 | D:10     | Killed a two-headed ogre
  9777 | D:10     | Found a staircase to the Orcish Mines.
  9787 | D:10     | Found a roughly hewn altar of Beogh.
  9945 | D:10     | Reached ***** piety under the Shining One
 10158 | D:10     | Found a large runed door.
 10159 | D:10     | Found a large runed door.
 10256 | D:10     | Reached XP level 11. HP: 100/107 MP: 14/14
 10644 | D:10     | Noticed an orc knight
 10650 | D:10     | Killed an orc knight
 10650 | D:10     | Reached skill level 7 in Dodging
 11136 | D:11     | Found a flagged portal.
 11173 | Bailey   | Entered a bailey
 11220 | Bailey   | Slain by an orc warrior

Vault maps used:
D:1:      minmay_arrival_four_houses
D:2:      wad_crossroads, first_ration, uniq_terence
D:3:      chequers_ecumenical_altar_simple_redux, uniq_crazy_yiuf_cottage
D:4:      chequers_temple_overflow_statue_of_worship, vehumet_altar_wand_db
D:5:      kennysheep_steamy, portal_sewer_entry_c
D:6:      minmay_temple_entry_junction_2, serial_shops, kennysheep_little_box,
          nicolae_shop_competitors_out_of_business, shop, lemuel_statue_altar
D:8:      gammafunk_temple_overflow_arena, hangedman_little_slice_of_home
D:9:      lair_entry_dummy
D:10:     cheibrodos_orc_bank, minmay_orc_entry_temple_small, minivault_24,
          st_stairs_4, lightli_elemental_guards
D:11:     enter_bailey_2, minmay_misc_feat_iff, uniq_harold, uniq_snorg
Sewer:    sewer_co_cracked_pipes
Bailey:   bailey_axe_minmay_hex_keep, bailey

Skill      XL: |  1  2  3  4  5  6  7  8  9 10 11 |
---------------+----------------------------------+-----
Shields        | 2 3 4 5 6 |  6.9
Maces & Flails | 1 2 3 |  3.0
Dodging        | 3 4 5 6 7 |  7.1
Fighting       | 2 3 4 5 6 |  6.7
Short Blades   | 1 2 3 4 5 6 |  6.2
Invocations    | 1 2 3 5 6 |  6.8
Stealth        | |  1.0
Unarmed Combat | |  2.0

Action                   |  1- 3 |  4- 6 |  7- 9 | 10-12 || total
-------------------------+-------+-------+-------+-------++-------
Melee: Club              |   131 |       |       |       ||   131
       Whip              |   116 |   124 |       |       ||   240
       Short sword       |       |   166 |   849 |   421 ||  1436
       Scimitar          |       |       |       |    70 ||    70
       Broad axe         |       |       |       |    11 ||    11
       War axe           |       |       |       |     7 ||     7
 Fire: Blowgun           |       |     2 |       |       ||     2
Throw: Stone             |       |     1 |       |       ||     1
Evoke: Wand              |       |       |     7 |    22 ||    29
  Use: Scroll            |       |    11 |    10 |     8 ||    29
       Potion            |       |     1 |    10 |     2 ||    13
 Stab: Sleeping          |     2 |     4 |       |       ||     6
  Eat: Chunk             |    18 |    22 |    41 |    27 ||   108
Armor: Robe              |    91 |    57 |    93 |    16 ||   257
       Skin              |       |    18 |     6 |       ||    24
       Steam dragon scal |       |       |   185 |   125 ||   310
Dodge: Dodged            |    93 |    78 |   323 |   192 ||   686
Block: Shield            |    91 |   120 |   434 |   283 ||   928
       Rpst.: Scimitar   |       |       |       |     8 ||     8

Table legend:
 A = Spawn XP
 B = Non-spawn XP
 C = Spawn XP percentage of total XP
 D = Spawn monster count
 E = Non-spawn monster count
 F = Spawn count percentage of total count
 G = Total turns spent on level
                    A         B        C        D         E        F      G
               +---------+---------+-------+---------+---------+-------+---------
         Total |       0 |   14103 |   0.0 |       0 |     343 |   0.0 | 11220
               +---------+---------+-------+---------+---------+-------+---------
           D:1 |       0 |      44 |   0.0 |       0 |      24 |   0.0 |   962
           D:2 |       0 |      84 |   0.0 |       0 |      26 |   0.0 |   823
           D:3 |       0 |     267 |   0.0 |       0 |      33 |   0.0 |  1368
           D:4 |       0 |     330 |   0.0 |       0 |      17 |   0.0 |   527
           D:5 |       0 |     562 |   0.0 |       0 |      26 |   0.0 |   924
           D:6 |       0 |     867 |   0.0 |       0 |      24 |   0.0 |  1261
           D:7 |       0 |    1388 |   0.0 |       0 |      28 |   0.0 |  1216
           D:8 |       0 |    2488 |   0.0 |       0 |      36 |   0.0 |   937
           D:9 |       0 |    1483 |   0.0 |       0 |      30 |   0.0 |  1174
          D:10 |       0 |    5655 |   0.0 |       0 |      60 |   0.0 |  1468
          D:11 |       0 |     668 |   0.0 |       0 |       6 |   0.0 |   148
         Sewer |       0 |      69 |   0.0 |       0 |      20 |   0.0 |   365
        Bailey |       0 |     198 |   0.0 |       0 |      13 |   0.0 |    47
               +---------+---------+-------+---------+---------+-------+---------
